 Dungeon Crawl Stone Soup version 0.25-a0-1133-g93ebf739aa (webtiles) character file.

Game seed: 14354489330337324005, levelgen mode: deterministic

3751 Echocat the Ducker (level 9, -3/69 HPs)
             Began as a Demonspawn Berserker on May 22, 2020.
             Was an Elder of Trog.
             Slain by Maurice
             ... wielding a +2 dagger of electrocution
              (13 damage)
             ... on level 9 of the Dungeon.
             The game lasted 00:40:07 (7808 turns).

Echocat the Ducker (Demonspawn Berserker)           Turns: 7808, Time: 00:40:08

Health: -3/69      AC:  5    Str: 19    XL:     9   Next: 93%
Magic:  9/9        EV: 20    Int:  8    God:    Trog [****..]
Gold:   294        SH:  0    Dex: 13    Spells: 8/8 levels left

rFire    . . .     SeeInvis .   W - +3 halberd (drain)
rCold    . . .     Gourm    .   (shield currently unavailable)
rNeg     . . .     Faith    .   M - +0 robe (curse)
rPois    .         Spirit   .   (helmet unavailable)
rElec    .         Reflect  .   v - +0 cloak
rCorr    .         Harm     .   (no gloves)
MR       ++...                  (no boots)
Stlth    +++.......             n - amulet of regeneration
HPRegen  1.61/turn              x - +4 ring of evasion
MPRegen  0.11/turn              (no ring)

@: about to teleport, regenerating
A: horns 3, yellow scales 1, powered by pain 1, weak 1, subdued magic 1,
MP-powered wands
a: Berserk, Trog's Hand, Brothers in Arms, Renounce Religion


You were on level 9 of the Dungeon.
You worshipped Trog.
Trog was greatly pleased with you.
You were very hungry.

You visited 1 branch of the dungeon, and saw 9 of its levels.

You collected 294 gold pieces.

Inventory:

Hand Weapons
 g - a +1 dagger of venom
 u - a +3 quarterstaff of chaos
 Q - a +1 vampiric dagger
 W - a +3 halberd of draining (weapon)
Missiles
 h - a poisoned dart (quivered)
 i - 3 curare-tipped darts
Armour
 j - a +3 leather armour of poison resistance
 v - a +0 cloak (worn)
 M - a cursed +0 robe (worn)
 O - a +0 robe of magic resistance
 X - cursed +0 acid dragon scales
Jewellery
 n - an amulet of regeneration (around neck)
 x - a +4 ring of evasion (left hand)
 R - an uncursed ring of wizardry
 Z - an uncursed ring of ice {unknown}
Wands
 E - a wand of polymorph (11)
 G - a wand of acid (12)
 L - a wand of disintegration (29)
 P - a wand of iceblast (6)
Scrolls
 d - a scroll of enchant weapon
 l - 2 scrolls of blinking
 m - a scroll of amnesia
 H - a scroll of fog
 I - 5 scrolls of identify
 K - a scroll of fear
 N - a scroll of noise
Potions
 b - a potion of cancellation
 e - a potion of berserk rage
 k - a potion of invisibility
 o - a potion of lignification
 p - a potion of stabbing
 q - a potion of brilliance
 s - a potion of might {unknown}
 D - a potion of heal wounds {unknown}
 S - a potion of mutation
Comestibles
 a - 6 chunks of flesh
 c - 14 rations


   Skills:
 * Level 6.2 Fighting
 + Level 6.6 Short Blades
 * Level 4.0 Polearms
 * Level 4.7 Armour
 * Level 7.0 Dodging
 * Level 5.3 Stealth


You had 8 spell levels left.
You didn't know any spells.
Your spell library contained the following spells:

 Spells                   Type           Power        Failure   Level  Hunger
 Shock                    Conj/Air       #...         36%         1    ##.....
 Corpse Rot               Necr/Air       N/A          50%         2    ###....
 Swiftness                Chrm/Air       #.......     50%         2    ###....
 Ozocubu's Armour         Chrm/Ice       #.......     75%         3    ####...
 Static Discharge         Conj/Air       #.......     75%         3    ####...
 Airstrike                Air            #.........   99%         4    #####..
 Animate Dead             Necr           N/A          99%         4    #####..
 Lightning Bolt           Conj/Air       #.........   100%        5    ######.
 Metabolic Englaciation   Hex/Ice        #.........   100%        5    ######.
 Simulacrum               Ice/Necr       #.........   100%        6    #######


Dungeon Overview and Level Annotations

Branches:
Dungeon (9/15)             Temple (0/1) D:6
   Lair: D:8-11         Orc: D:9-12

Altars:
Ru
Xom

Annotations:
D:8 1 runed translucent door, waddelsworth's ghost, novice GnEE
D:9 Maurice


Innate Abilities, Weirdness & Mutations

You have a pair of large horns on your head.
You are partially covered in yellow scales. (AC +2)
You sometimes gain a little power by taking damage.
You are weak. (Str -2)
Your spells are a little easier to cast, but a little less powerful.
You expend magic power (3 MP) to strengthen your wands.


Message History

You feel resistant to hostile enchantments.
You are feeling hungry.
The phantom blinks!
Something hits you but does no damage.
Your skin crawls.
You feel resistant to hostile enchantments.
You are feeling very hungry.
Something misses you.
You barely miss something. You headbutt something. Something hits you.
* * * LOW HITPOINT WARNING * * *
Something steals 35 of your 36 poisoned darts!
You are electrocuted!
* * * LOW HITPOINT WARNING * * *
The phantom blinks!
You barely miss something. You headbutt something!
The phantom blinks!
As you read the scroll of teleportation, it crumbles to dust.
You feel strangely unstable. Something hits you.
* * * LOW HITPOINT WARNING * * *
Something steals 1 of your 2 potions of berserk rage!
You are electrocuted!
You die...

#...#...# ...#
#...#...# #...# ..
........# #...###..#
.......!# #.........
.......)#####.......<.
........†.............
....................>.
.......{).............
.....W.@####..........
.......§# #..........
.......!# #...#######
..#.....####...#####
..##.#..............
..##+#+#####........
............##.........
............##.........
............##.........


You could see a phantom.

Vanquished Creatures
  A two-headed ogre (D:9)
  Maggie (D:8)
  Grum (D:8)
  A water moccasin (D:6)
  Duvessa (D:5)
  An orc warrior (D:7)
  2 sky beasts
  2 ice beasts
  3 ogres
  4 wolves (D:8)
  3 centaurs
  A bullfrog (D:7)
  A wyvern zombie (D:7)
  Dowan (D:5)
  A wyvern skeleton (D:7)
  A scorpion (D:9)
  4 wights (D:9)
  A howler monkey (D:6)
  3 crimson imps
  A hound (D:6)
  A quasit (D:5)
  A bullfrog zombie (D:6)
  An orc priest (D:6)
  Crazy Yiuf (D:2)
  5 orc wizards
  2 worker ants
  2 iguanas
  A hound skeleton (D:9)
  13 adders
  A howler monkey skeleton (D:5)
  A shadow imp (D:7)
  2 adder skeletons
  2 worms (D:2)
  3 dart slugs
  6 leopard geckos
  19 orcs
  12 bats
  4 giant cockroaches
  8 goblins
  8 hobgoblins
  8 jackals
  2 quokkas (D:3)
  3 ball pythons
  2 frilled lizards
  8 kobolds
  A leopard gecko skeleton (D:4)
  A leopard gecko zombie (D:8)
  2 quokka skeletons
  6 rats
160 creatures vanquished.

Vanquished Creatures (others)
  A scorpion (D:6)
  A howler monkey (D:6)
  An orc priest (D:6)
  An orc wizard (D:6)
  2 orcs (D:6)
6 creatures vanquished.

Grand Total: 166 creatures vanquished

Notes
Turn   | Place    | Note
-------+----------+-------------------------------------------
     0 | D:1      | Echocat the Demonspawn Berserker began the quest for the
                  | Orb.
     0 | D:1      | Reached XP level 1. HP: 18/18 MP: 1/1
   726 | D:1      | Gained mutation: You are partially covered in yellow
                  | scales. (AC +2) [demonic ancestry]
   726 | D:1      | Reached XP level 2. HP: 23/24 MP: 2/2
   855 | D:1      | Reached skill level 2 in Dodging
  1390 | D:1      | Reached XP level 3. HP: 29/29 MP: 3/3
  1861 | D:2      | Reached ** piety under Trog
  1861 | D:2      | Reached skill level 1 in Stealth
  1967 | D:2      | Reached XP level 4. HP: 35/37 MP: 4/4
  2007 | D:2      | Reached skill level 1 in Short Blades
  2246 | D:2      | Found a runed translucent door.
  2247 | D:2      | Noticed Crazy Yiuf
  2254 | D:2      | Killed Crazy Yiuf
  2476 | D:3      | Reached XP level 5. HP: 39/42 MP: 5/5
  2637 | D:3      | Reached *** piety under Trog
  2637 | D:3      | Reached skill level 3 in Dodging
  3698 | D:4      | Gained mutation: You have a pair of small horns on your
                  | head. [demonic ancestry]
  3698 | D:4      | Reached XP level 6. HP: 46/48 MP: 6/6
  3937 | D:5      | Entered Level 5 of the Dungeon
  4302 | D:5      | Noticed Duvessa
  4303 | D:5      | Noticed Dowan
  4359 | D:5      | Killed Duvessa
  4369 | D:5      | Killed Dowan
  4599 | D:6      | Noticed an ice beast
  4623 | D:5      | Gained mutation: You sometimes gain a little power by
                  | taking damage. [demonic ancestry]
  4623 | D:5      | Reached XP level 7. HP: 47/55 MP: 7/7
  4825 | D:6      | Reached skill level 4 in Dodging
  5086 | D:6      | Found a staircase to the Ecumenical Temple.
  5170 | D:6      | Reached skill level 5 in Short Blades
  5170 | D:6      | Gained mutation: You have a pair of horns on your head.
                  | [demonic ancestry]
  5170 | D:6      | Reached XP level 8. HP: 48/61 MP: 8/8
  5313 | D:6      | Found a shimmering altar of Xom.
  5522 | D:6      | Identified Sif Muna's Grimoire of Frigorific Stolen Souls
  5579 | D:5      | Gained mutation: Your mind is acute. (Int +2) [potion of
                  | mutation]
  5579 | D:5      | Gained mutation: You are resistant to hostile enchantments.
                  | (MR+) [potion of mutation]
  5579 | D:5      | Gained mutation: You have a pair of large horns on your
                  | head. [potion of mutation]
  5631 | D:5      | Lost mutation: You are resistant to hostile enchantments.
                  | (MR+) [potion of mutation]
  5631 | D:5      | Lost mutation: You have a pair of large horns on your head.
                  | [potion of mutation]
  5631 | D:5      | Lost mutation: Your mind is acute. (Int +2) [potion of
                  | mutation]
  5631 | D:5      | Gained mutation: Your spells are a little easier to cast,
                  | but a little less powerful. [potion of mutation]
  5631 | D:5      | Gained mutation: You are weak. (Str -2) [potion of
                  | mutation]
  5631 | D:5      | Gained mutation: You expend magic power (3 MP) to
                  | strengthen your wands. [potion of mutation]
  5743 | D:7      | Reached skill level 5 in Dodging
  5776 | D:7      | Reached skill level 5 in Fighting
  5842 | D:7      | Reached **** piety under Trog
  5916 | D:7      | Found a sacrificial altar of Ru.
  6582 | D:8      | Noticed Grum
  6595 | D:8      | Gained mutation: You have a pair of large horns on your
                  | head. [demonic ancestry]
  6595 | D:8      | Reached XP level 9. HP: 68/68 MP: 9/9
  6601 | D:8      | Killed Grum
  6601 | D:8      | Reached skill level 6 in Dodging
  6799 | D:8      | Found a runed translucent door.
  6802 | D:8      | Noticed waddelsworth's ghost (novice GnEE)
  7048 | D:8      | Noticed Maggie
  7065 | D:8      | Killed Maggie
  7562 | D:9      | Reached skill level 5 in Stealth
  7563 | D:9      | Noticed a two-headed ogre
  7599 | D:9      | Killed a two-headed ogre
  7780 | D:9      | Noticed Maurice
  7790 | D:9      | Reached skill level 7 in Dodging
  7808 | D:9      | Slain by Maurice

Illustrated notes

Levels and vault maps discovered:
D:1:      minmay_arrival_semitransparent, layout_basic
D:2:      layout_rooms, first_ration, kennysheep_generic_room_6,
          uniq_crazy_yiuf_cottage
D:3:      layout_rooms, minivault_25, hex_large
D:4:      layout_basic
D:5:      layout_basic, chequers_serial_rivers_room_a, uniq_duvessa
D:6:      layout_rooms, minmay_temple_entry_fiery, xom_confusion_cloud
D:7:      layout_loops_cross, overflow_temple_1_default, minmay_checkerbox
D:8:      layout_basic, ebering_ghost_reflecting_pool, uniq_grum, uniq_maggie
D:9:      layout_basic, grunt_ministairs_6, st_stairs_9, uniq_maurice

Skill      XL: |  1  2  3  4  5  6  7  8  9 |
---------------+----------------------------+-----
Dodging        | 2 3 4 5 7 |  7.0
Armour         | 2 3 4 |  4.7
Stealth        | 1 2 4 5 |  5.3
Short Blades   | 1 2 3 5 6 |  6.6
Fighting       | 4 5 6 |  6.2
Polearms       | 4 |  4.0

Action                   |  1- 3 |  4- 6 |  7- 9 || total
-------------------------+-------+-------+-------++-------
Melee: Spear             |    23 |       |       ||    23
       Short sword       |    12 |       |       ||    12
       Dagger            |    81 |   230 |   297 ||   608
       Headbutt          |       |    19 |    68 ||    87
       Halberd           |       |       |    38 ||    38
Invok: Berserk           |     1 |     1 |     5 ||     7
       Trog's Hand       |       |       |     6 ||     6
  Use: Scroll            |     7 |     6 |     5 ||    18
       Potion            |       |       |     8 ||     8
 Stab: Sleeping          |     2 |       |     6 ||     8
  Eat: Chunk             |     4 |    10 |     6 ||    20
       Ration            |       |       |     3 ||     3
Armor: Animal skin       |    14 |       |       ||    14
       Leather armour    |    50 |    68 |       ||   118
       Robe              |       |    15 |    35 ||    50
Dodge: Dodged            |   101 |   185 |   223 ||   509

Table legend:
 A = Non-vault XP
 B = Vault XP
 C = Vault XP percentage of total XP
 D = Non-vault monster count
 E = Vault monster count
 F = Vault count percentage of total count
                 A         B        C        D         E       F
            +---------+---------+-------+---------+---------+-------
      Total |    3481 |    1878 |  35.0 |     141 |      19 |  11.9
            +---------+---------+-------+---------+---------+-------
        D:1 |      42 |       0 |   0.0 |      21 |       0 |   0.0
        D:2 |      78 |      54 |  40.9 |      28 |       2 |   6.7
        D:3 |     147 |       0 |   0.0 |      26 |       0 |   0.0
        D:4 |     131 |       0 |   0.0 |      12 |       0 |   0.0
        D:5 |     230 |     223 |  49.2 |       6 |       2 |  25.0
        D:6 |     334 |     429 |  56.2 |      11 |       6 |  35.3
        D:7 |     954 |     144 |  13.1 |      22 |       3 |  12.0
        D:8 |      42 |    1028 |  96.1 |       3 |       6 |  66.7
        D:9 |    1523 |       0 |   0.0 |      12 |       0 |   0.0
            +---------+---------+-------+---------+---------+-------
